 Dungeon Crawl Stone Soup version 0.29.1-12-g30fa7ad0bf (webtiles) character file.

Game seed: 9801986036098727719

588 mortz the Shield-Bearer (level 7, -11/55 HPs)
             Began as a Human Fighter on Dec 13, 2022.
             Was an Initiate of Okawaru.
             Killed from afar by a gargoyle (24 damage)
             ... with a stone arrow
             ... on level 5 of the Dungeon.
             The game lasted 00:25:16 (4906 turns).

mortz the Shield-Bearer (Human Fighter)             Turns: 4906, Time: 00:25:16

Health: -11/55     AC: 14    Str: 16    XL:     7   Next: 65%
Magic:  7/7        EV:  6    Int:  8    God:    Okawaru [......]
Gold:   245        SH:  5    Dex: 15    Spells: 6/6 levels left

rFire   . . .      SeeInvis .   a - +0 demon blade
rCold   . . .      Faith    .   c - +0 buckler
rNeg    . . .      Spirit   .   t - +0 chain mail
rPois   .          Reflect  .   (no helmet)
rElec   .          Harm     .   q - +0 cloak
rCorr   .          Rampage  .   (no gloves)
Will    .....                   u - +2 pair of boots {Stlth+}
Stlth   ..........              (no amulet)
HPRegen 0.18/turn               (no ring)
MPRegen 0.10/turn               (no ring)

@: no status effects
A: no striking features
a: Renounce Religion


You were on level 5 of the Dungeon.
You worshipped Okawaru.
Okawaru was noncommittal.
You visited 2 branches of the dungeon, and saw 6 of its levels.

You collected 256 gold pieces.
You spent 11 gold pieces at shops.

Inventory:

Hand Weapons
 a - a +0 demon blade (weapon)
 b - a +0 hand axe
 l - a +0 long sword
 r - a +1 dagger of venom
 s - a +0 flail
 z - a +1 short sword of speed
Missiles
 h - 2 javelins
 v - 3 boomerangs (quivered)
 A - 2 atropa-tipped darts
Armour
 c - a +0 buckler (worn)
 q - a +0 cloak (worn)
 t - a +0 chain mail (worn)
 u - a +2 pair of boots of stealth (worn)
Wands
 n - a wand of flame (19)
 B - a wand of mindburst (23)
Scrolls
 f - 3 scrolls of vulnerability {unknown}
 g - 2 scrolls of identify
 j - a scroll of immolation {unknown}
 o - 3 scrolls of teleportation {unknown}
 x - a scroll of enchant armour {unknown}
 y - a scroll of torment {unknown}
Potions
 d - a potion of might
 e - 2 potions of curing
 i - a potion of mutation
 k - a potion of attraction
 m - 2 potions of lignification
 p - a potion of flight
 w - 2 potions of heal wounds


   Skills:
 + Level 4.8 Fighting
 + Level 4.2 Long Blades
 + Level 4.8 Armour
 + Level 4.8 Shields


You had 6 spell levels left.
You didn't know any spells.
Your spell library contained the following spells:

 Spells                   Type           Power      Damage    Failure   Level
 Sandblast                Erth           0%         2d4       100%        1
 Passwall                 Tmut/Erth      0%         N/A       100%        2
 Portal Projectile        Hex/Tloc       0%         N/A       100%        3
 Stone Arrow              Conj/Erth      0%         3d7       100%        3
 Leda's Liquefaction      Hex/Erth       0%         N/A       100%        4
 Passage of Golubria      Tloc           0%         N/A       100%        4
 Yara's Violent Unravell  Hex/Tmut       0%         3d3       100%        5
 Call Canine Familiar     Summ           Unusable   N/A       N/A         3
 Tukima's Dance           Hex            Unusable   N/A       N/A         3

Dungeon Overview and Level Annotations

Branches:
Dungeon (5/15) Zot: 25223  Temple (1/1) D:4 Zot: 5805

Altars:
Ashenzari
Cheibriados
Dithmenos
Fedhas
Gozag
Kikubaaqudgha
Makhleb
Nemelex Xobeh
Okawaru
Qazlal
Ru
Uskayaw
Vehumet
Wu Jian
Xom
Yredelemnul
Zin
The Shining One

Shops:
D:1 :([(!   D:4 *


Message History

You barely miss the adder.
The adder is heavily wounded.
You slash the adder!
You kill the adder!
Okawaru accepts your kill.
No target in view!
No target in view!
No target in view!
No target in view!
No target in view!
No target in view!
B - a wand of mindburst (23)
There is an open door here.
A gargoyle comes into view. It is wielding a +0 flail.
The gargoyle hurls a stone arrow at you.
The stone arrow misses you.
You hit the gargoyle but do no damage. The gargoyle hits you with a +0 flail!
You hit the gargoyle but do no damage.
The gargoyle hurls a stone arrow at you.
You hit the gargoyle but do no damage. The gargoyle hits you with a +0 flail!
You hit the gargoyle but do no damage. You hit the gargoyle but do no damage.
The gargoyle hits you with a +0 flail.
You barely miss the gargoyle. The gargoyle hits you with a +0 flail!
You are too injured to fight recklessly!
You are too injured to fight recklessly!
You are too injured to fight recklessly!
You are too injured to fight recklessly!
You are too injured to fight recklessly!
You are too injured to fight recklessly!
You are too injured to fight recklessly!
You are too injured to fight recklessly!
You are too injured to fight recklessly!
You are too injured to fight recklessly!
You are too injured to fight recklessly!
You barely miss the gargoyle. The gargoyle hits you with a +0 flail!
* * * LOW HITPOINT WARNING * * *
You hit the gargoyle.
The gargoyle hurls a stone arrow at you.
The stone arrow hits you!!
You die...

........#............#...#
##..#####............#...#
##..###.....####.....#...#
......#.....# #.....#...#
......#.....# #.....#...#
#..####.....# #.....#...#
#..#....##### #.....#...#
...'....# +.....#...#
...#....+ #@....#...#
####....# #9....#...#
.......## #.....#####
.......# #........
.......# #........
.......# #........
.......# #........ .......
#........ ...###


You could see a gargoyle.

Vanquished Creatures
  Duvessa (D:4)
  An ogre (D:5)
  Dowan (D:4)
  A howler monkey (D:4)
  An orc priest (D:4)
  An iguana (D:4)
  An orc wizard (D:4)
  4 gnolls
  11 adders
  3 dart slugs
  10 orcs (D:4)
  3 bats
  5 endoplasms
  3 giant cockroaches
  6 goblins
  6 hobgoblins
  6 jackals
  7 kobolds
  6 quokkas
  A ball python (D:2)
  4 frilled lizards
  6 rats
88 creatures vanquished.

Notes
Turn   | Place    | Note
-------+----------+-------------------------------------------
     0 | D:1      | mortz the Human Fighter began the quest for the Orb.
     0 | D:1      | Reached XP level 1. HP: 18/18 MP: 1/1
    36 | D:1      | Found Ivas's Weapon Boutique.
    45 | D:1      | Reached XP level 2. HP: 24/24 MP: 2/2
   181 | D:1      | Found Lyts's Antique Armour Shop.
   475 | D:1      | Found Suajew Nebe's Book Shoppe.
   537 | D:1      | Reached XP level 3. HP: 21/29 MP: 3/3
   669 | D:1      | Found Qiebbair's Weapon Shoppe.
   902 | D:1      | Found Ceoma's Distillery.
   909 | D:1      | Bought a potion of degeneration for 11 gold pieces
  1263 | D:2      | Reached XP level 4. HP: 26/35 MP: 4/4
  1497 | D:2      | You fall into a shaft and drop 1 floor!
  2008 | D:3      | Reached XP level 5. HP: 19/42 MP: 5/5
  2840 | D:4      | Reached XP level 6. HP: 44/48 MP: 6/6
  3296 | D:4      | Noticed Dowan
  3297 | D:4      | Noticed Duvessa
  3318 | D:4      | Killed Duvessa
  3319 | D:4      | Reached XP level 7. HP: 10/55 MP: 7/7
  3595 | D:4      | Killed Dowan
  3800 | D:4      | Found a staircase to the Ecumenical Temple.
  3837 | Temple   | Entered the Ecumenical Temple
  4013 | Temple   | Became a worshipper of Warmaster Okawaru
  4392 | D:4      | Found Guxotteh's General Store.
  4427 | D:5      | Entered Level 5 of the Dungeon
  4894 | D:5      | Noticed a gargoyle
  4906 | D:5      | Killed from afar by a gargoyle

Illustrated notes

Levels and vault maps discovered:
D:1:      dpeg_arrival_shelter, layout_basic, serial_shops, shop,
          nicolae_diamond_shop, nicolae_shop_bloodbath_and_beyond, shop,
          nicolae_shop_waterfront, hangedman_decor_points
D:2:      layout_rooms, serial_glass, glass_columns_a, glass_columns_a,
          item_on_display_a, due_unseen_surprise, minmay_strange_pillars,
          item_on_display_a, minmay_tetromino_s2
D:3:      layout_rooms
D:4:      layout_basic, temple_doors_e, serial_shops, nicolae_square_shop,
          uniq_duvessa
D:5:      layout_gridville, biasface_ghost_orc_armoury
Temple:   nicolae_temple_bog_church

Skill      XL: |  1  2  3  4  5  6  7 |
---------------+----------------------+-----
Long Blades    | 3 4 |  4.2
Fighting       | 4 |  4.8
Armour         | 4 |  4.8
Shields        | 4 |  4.8

Action                   |  1- 3 |  4- 6 |  7- 9 || total
-------------------------+-------+-------+-------++-------
Melee: Long sword        |    86 |       |       ||    86
       Demon blade       |     6 |   156 |    84 ||   246
Throw: Javelin           |     2 |     3 |       ||     5
       Boomerang         |       |       |     2 ||     2
  Use: Scroll            |     2 |     4 |     1 ||     7
       Potion            |       |     1 |     2 ||     3
Armor: Scale mail        |    50 |    34 |       ||    84
       Chain mail        |       |    42 |    38 ||    80
Dodge: Dodged            |    38 |    40 |    15 ||    93
Block: Buckler           |    26 |    31 |    17 ||    74
